 Dungeon Crawl Stone Soup version 0.23-a0-413-g57a8110 (webtiles) character file.

1543 JeffiDaFish the Purveyor of Pain (level 8, -2/41 HPs)
             Began as a Deep Elf Necromancer on Nov 8, 2018.
             Was an Initiate of Kikubaaqudgha.
             Slain by a gnoll
             ... wielding a +0 halberd
              (11 damage)
             ... on level 6 of the Dungeon.
             The game lasted 00:14:47 (5570 turns).

JeffiDaFish the Purveyor of Pain (DENe)             Turns: 5570, Time: 00:14:47

Health: -2/41      AC:  5    Str:  5    XL:     8   Next: 56%
Magic:  1/29       EV: 16    Int: 24    God:    Kikubaaqudgha [......]
Gold:   247        SH:  0    Dex: 15    Spells: 12/20 levels left

rFire    . . .     SeeInvis .   q - +5 rapier (flame)
rCold    + . .     Gourm    .   (no shield)
rNeg     . . .     Faith    .   a - +0 robe
rPois    .         Spirit   .   d - +1 helmet
rElec    .         Reflect  .   (no cloak)
rCorr    .         Harm     .   (no gloves)
MR       .....     Clarity  +   e - +0 pair of boots
Stlth    +++.......             b - amulet of regeneration
HPRegen  0.53/turn              j - +3 ring of intelligence
MPRegen  0.21/turn              m - ring of magical power

@: no status effects
A: blurry vision 1, clarity, cold resistance 1, dopey 1
a: Renounce Religion


You were on level 6 of the Dungeon.
You worshipped Kikubaaqudgha.
Kikubaaqudgha was noncommittal.
You were hungry.

You visited 1 branch of the dungeon, and saw 6 of its levels.

You collected 247 gold pieces.

Inventory:

Hand Weapons
 q - a +5 rapier of flaming (weapon)
Armour
 a - a +0 robe (worn)
 d - a +1 helmet (worn)
 e - a +0 pair of boots (worn)
Jewellery
 b - an amulet of regeneration (around neck)
 h - an uncursed ring of protection from cold
 j - a +3 ring of intelligence (left hand)
 m - a ring of magical power (right hand)
Wands
 p - a wand of polymorph (8)
Scrolls
 i - 5 scrolls of remove curse
 k - 3 scrolls of identify
 n - 2 scrolls of amnesia
Potions
 g - 3 potions of haste
 l - a potion of curing
 o - a potion of lignification {unknown}
Comestibles
 c - 7 rations
 f - 7 chunks of flesh


   Skills:
 + Level 2.5 Short Blades
 + Level 6.0 Dodging
 - Level 6.0 Stealth
 + Level 6.8 Spellcasting
 * Level 9.4 Necromancy


You had 12 spell levels left.
You knew the following spells:

 Your Spells              Type           Power        Failure   Level  Hunger
a - Pain                  Necr           ####         1%          1    None
b - Vampiric Draining     Necr           ######....   1%          3    None
c - Animate Dead          Necr           N/A          1%          4    ###....

Your spell library contained the following spells:

 Spells                   Type           Power        Failure   Level  Hunger
 Animate Skeleton         Necr           N/A          1%          1    None
 Regeneration             Chrm/Necr      ####......   3%          3    None


Dungeon Overview and Level Annotations

Branches:
Dungeon (6/15)
 Temple: D:4-7

Altars:
Ashenzari
Dithmenos
Elyvilon
Kikubaaqudgha
Nemelex Xobeh
Uskayaw
Yredelemnul

Annotations:
D:2 mattiecakes's ghost, amateur MfFi


Innate Abilities, Weirdness & Mutations

Scrolls take you a little longer to read.
You possess an exceptional clarity of mind.
Your flesh is cold resistant. (rC+)
You are dopey. (Int -2)


Message History

The gnoll closely misses you.
You hit the gnoll. You burn the gnoll.
The gnoll is heavily wounded.
The gnoll closely misses you. The gnoll hits you with a +0 flail.
You puncture the gnoll! You burn the gnoll.
You kill the gnoll!
Kikubaaqudgha accepts your kill.
Your Dodging skill increases to level 6!
The gnoll closely misses you.
You puncture the gnoll! You burn the gnoll.
You kill the gnoll!
Kikubaaqudgha accepts your kill.
You feel sick.
You are no longer poisoned.
The gnoll hits you from afar with a +0 halberd!
* * * LOW HITPOINT WARNING * * *
Your gnoll zombie barely misses the gnoll.
The gnoll hits you from afar with a +0 halberd!
You die...
Kikubaaqudgha rasps: "You have failed me!
Welcome... death!"

#.#####..# #)... ..
#....###$# #####
<###....###)### #
.........##Z..#
##...)...##...# #
##..♣.....##..## ######
#.........##g.# ##.....
#.....♣.....).# ##......
#..<......@...######...##..
#.....♣..#..).........####.
#.......###...........####.
##..♣..## #....#####...##..
##...## #....# ##......
....# #....# ##..... .>...#
#....# ###### .....##
#....# # .....## ####.#


You could see a gnoll.

Vanquished Creatures
  Eustachio (D:5)
  A bullfrog (D:3)
  2 scorpions
  3 wights (D:6)
  A howler monkey (D:6)
  2 crimson imps
  2 gnoll shamans
  2 centaur skeletons (D:6)
  2 orc priests
  2 bullfrog skeletons
  3 hounds
  4 orc wizards
  3 iguanas
  4 worker ants
  A howler monkey zombie (D:5)
  A worker ant zombie (D:5)
  14 gnolls
  3 adders
  2 shadow imps
  An ooze (D:3)
  An adder skeleton (D:5)
  4 dart slugs
  3 leopard geckos
  15 orcs
  3 bat skeletons (D:5)
  3 bat zombies (D:5)
  7 giant cockroaches
  4 goblins
  10 hobgoblins
  9 jackals
  3 quokkas
  A ball python skeleton (D:4)
  11 bats
  4 frilled lizards
  A jackal skeleton (D:5)
  4 kobolds
  A leopard gecko skeleton (D:6)
  A rat (D:2)
139 creatures vanquished.

Vanquished Creatures (collateral kills)
  3 vampire bats (D:5)
3 creatures vanquished.

Grand Total: 142 creatures vanquished

Notes
Turn   | Place    | Note
-------+----------+-------------------------------------------
     0 | D:1      | JeffiDaFish the Deep Elf Necromancer began the quest for
                  | the Orb.
     0 | D:1      | Reached XP level 1. HP: 10/10 MP: 6/6
   187 | D:1      | Reached skill level 5 in Necromancy
   242 | D:1      | Reached XP level 2. HP: 12/15 MP: 4/8
  1319 | D:2      | Reached XP level 3. HP: 17/19 MP: 5/9
  1573 | D:2      | Learned a level 3 spell: Vampiric Draining
  1601 | D:2      | Reached XP level 4. HP: 22/24 MP: 6/11
  1909 | D:2      | Found a shattered altar of Ashenzari.
  1950 | D:2      | Reached skill level 6 in Necromancy
  2116 | D:2      | Found a sparkling altar of Nemelex Xobeh.
  2314 | D:3      | Reached XP level 5. HP: 28/28 MP: 10/13
  2337 | D:3      | Gained mutation: You are dopey. (Int -2) [potion of
                  | mutation]
  2337 | D:3      | Gained mutation: Scrolls take you a little longer to read.
                  | [potion of mutation]
  2337 | D:3      | Gained mutation: Your flesh is cold resistant. (rC+)
                  | [potion of mutation]
  2337 | D:3      | Gained mutation: You possess an exceptional clarity of
                  | mind. [potion of mutation]
  2339 | D:3      | Found a runed door.
  2350 | D:3      | Noticed mattiecakes's ghost (amateur MfFi)
  2782 | D:3      | Found a shadowy altar of Dithmenos.
  2820 | D:3      | Reached XP level 6. HP: 32/32 MP: 14/14
  3078 | D:3      | Noticed a dagger
  3078 | D:3      | Noticed a dagger
  3079 | D:3      | Found a hide-covered altar of Uskayaw.
  3099 | D:3      | Found a faded altar of an unknown god.
  3367 | D:4      | Reached skill level 7 in Necromancy
  3483 | D:4      | Reached skill level 5 in Spellcasting
  3512 | D:4      | Found a basalt altar of Yredelemnul.
  3998 | D:4      | Found a white marble altar of Elyvilon.
  4026 | D:5      | Entered Level 5 of the Dungeon
  4037 | D:4      | Reached XP level 7. HP: 29/36 MP: 16/16
  4183 | D:5      | Noticed Eustachio
  4201 | D:5      | Reached skill level 5 in Stealth
  4209 | D:5      | Killed Eustachio
  4258 | D:5      | Reached skill level 8 in Necromancy
  4377 | D:5      | Identified the cursed +1 leather armour of the Moon {rN+}
                  | (You found it on level 5 of the Dungeon)
  4398 | D:5      | Reached skill level 5 in Dodging
  4408 | D:5      | Learned a level 4 spell: Animate Dead
  4611 | D:5      | Reached skill level 1 in Short Blades
  4671 | D:5      | Found an ancient bone altar of Kikubaaqudgha.
  4684 | D:5      | Reached XP level 8. HP: 41/41 MP: 19/19
  4707 | D:5      | Became a worshipper of Kikubaaqudgha
  5305 | D:6      | Reached skill level 9 in Necromancy
  5570 | D:6      | Slain by a gnoll

Vault maps used:
D:1:      lightli_arrival_statuegarden
D:2:      old_standard_altar, nemelex_altar_shiori
D:3:      lemuel_round_altar, dancing_weapons_uskayaw, first_ration,
          chequers_ecumenical_altar_simple_redux, ebering_ghost_sewer_d
D:4:      kennysheep_ying_yang
D:5:      kennysheep_vampire_church, uniq_eustachio
D:6:      minmay_temple_entry_crystal_x, gammafunk_ghost_mausoleum,
          grunt_ministairs_9, nicolae_sextant

Skill      XL: |  1  2  3  4  5  6  7  8 |
---------------+-------------------------+-----
Necromancy     | 5 6 7 8 9 |  9.4
Stealth        | 3 4 5 6 |  6.0
Dodging        | 3 4 5 6 |  6.0
Spellcasting   | 4 5 6 |  6.8
Short Blades   | 1 2 |  2.5

Action                   |  1- 3 |  4- 6 |  7- 9 || total
-------------------------+-------+-------+-------++-------
Melee: Dagger            |    16 |    52 |       ||    68
       Unarmed           |     2 |       |       ||     2
       Rapier            |       |       |   159 ||   159
 Cast: Pain              |    56 |    92 |    50 ||   198
       Vampiric Draining |       |     7 |    21 ||    28
       Animate Dead      |       |       |     5 ||     5
  Use: Potion            |     4 |     3 |       ||     7
       Scroll            |     3 |     3 |     4 ||    10
 Stab: Sleeping          |     1 |     5 |     3 ||     9
       Distracted        |       |       |     2 ||     2
  Eat: Chunk             |     2 |     7 |     6 ||    15
Armor: Robe              |    11 |    22 |    38 ||    71
Dodge: Dodged            |    34 |    51 |   181 ||   266

Table legend:
 A = Non-vault XP
 B = Vault XP
 C = Vault XP percentage of total XP
 D = Non-vault monster count
 E = Vault monster count
 F = Vault count percentage of total count
                 A         B        C        D         E       F
            +---------+---------+-------+---------+---------+-------
      Total |    1722 |     483 |  21.9 |     129 |      13 |   9.2
            +---------+---------+-------+---------+---------+-------
        D:1 |      38 |       0 |   0.0 |      21 |       0 |   0.0
        D:2 |     149 |       0 |   0.0 |      23 |       0 |   0.0
        D:3 |      94 |     110 |  53.9 |      19 |       2 |   9.5
        D:4 |     297 |       0 |   0.0 |      19 |       0 |   0.0
        D:5 |     472 |     341 |  41.9 |      25 |      10 |  28.6
        D:6 |     672 |      32 |   4.5 |      22 |       1 |   4.3
            +---------+---------+-------+---------+---------+-------
